 Dungeon Crawl Stone Soup version 0.23-a0-690-g0a1fc62c7c (webtiles) character file.

1061 Mazzaar the Digger (level 8, -2/61 HPs)
             Began as a Gargoyle Earth Elementalist on Jan 11, 2019.
             Was an Initiate of Vehumet.
             Slain by an orc warrior
             ... wielding a cursed +0 long sword
              (17 damage)
             ... on level 6 of the Dungeon.
             The game lasted 00:21:10 (6205 turns).

Mazzaar the Digger (Gargoyle Earth Elementalist)    Turns: 6205, Time: 00:21:11

Health: -2/61      AC: 11    Str: 21    XL:     8   Next: 27%
Magic:  16/16      EV: 12    Int: 18    God:    Vehumet [......]
Gold:   247        SH:  0    Dex: 10    Spells: 8/17 levels left

rFire    . . .     SeeInvis .   r - +10 whip of Tenacity {freeze, +Fly Str+4}
rCold    + . .     Gourm    +   (no shield)
rNeg     + + .     Faith    .   w - +2 robe {rN+}
rPois    ∞         Spirit   .   (no helmet)
rElec    +         Reflect  .   (no cloak)
rCorr    .         Harm     .   (no gloves)
MR       .....                  (no boots)
Stlth    ..........             f - amulet of the gourmand
HPRegen  0.20/turn              i - +2 ring of protection
MPRegen  0.15/turn              j - ring of protection from cold

@: mighty, berserking, very slightly contaminated, invisible, very quick
A: negative energy resistance 1, electricity resistance, unbreathing,
petrification resistance, rot immunity, AC +5
a: Renounce Religion, Evoke Flight


You were on level 6 of the Dungeon.
You worshipped Vehumet.
Vehumet was noncommittal.
You were not hungry.

You visited 2 branches of the dungeon, and saw 7 of its levels.

You collected 337 gold pieces.
You spent 90 gold pieces at shops.

Inventory:

Hand Weapons
 c - a +5 mace of draining
 o - a +0 flail
 r - the +10 whip of Tenacity (weapon) {freeze, +Fly Str+4}
   (You found it on level 5 of the Dungeon)

   It has been specially enchanted to freeze those struck by it, causing extra
   injury to most foes and up to half again as much damage against particularly
   susceptible opponents.
   It can also slow down cold-blooded creatures.
   It affects your strength (+4).
   It lets you fly.
Missiles
 b - 123 stones (quivered)
Armour
 w - a +2 robe of positive energy (worn)
Jewellery
 f - an amulet of the gourmand (around neck)
 i - a +2 ring of protection (left hand)
 j - a ring of protection from cold (right hand)
Wands
 q - a wand of scattershot (5)
 v - a wand of random effects (45)
 x - a wand of iceblast (8)
Scrolls
 h - 3 scrolls of identify
 k - 2 scrolls of teleportation
 l - 2 scrolls of blinking
 m - 5 scrolls of enchant armour
 p - 6 scrolls of remove curse
Potions
 e - a potion of curing
 n - a potion of resistance
 s - a potion of mutation {unknown}
 t - a potion of brilliance
Comestibles
 d - 10 rations


   Skills:
 + Level 0.2 Fighting
 + Level 0.1 Maces & Flails
 + Level 0.2 Armour
 + Level 1.6 Dodging
 - Level 2.1 Stealth
 + Level 5.3 Spellcasting
 + Level 5.4 Conjurations
   Level 0.7 Transmutations
 + Level 7.5 Earth Magic
 + Level 0.2 Evocations


You had 8 spell levels left.
You knew the following spells:

 Your Spells              Type           Power        Failure   Level  Hunger
a - Sandblast             Erth           ####..       1%          1    None
b - Stone Arrow           Conj/Erth      ####..       2%          3    ##.....
c - Lee's Rapid Deconstr  Erth           ####......   16%         5    ######.

Your spell library contained the following spells:

 Spells                   Type           Power        Failure   Level  Hunger
 Passwall                 Tmut/Erth      ###.....     3%          2    #......
 Corona                   Hex            #......      13%         1    None
 Dazzling Spray           Conj/Hex       ##....       13%         3    ##.....
 Ensorcelled Hibernation  Hex/Ice        #.....       19%         2    #......
 Petrify                  Tmut/Erth      ###.....     24%         4    ####...
 Confuse                  Hex            #.......     36%         3    ##.....
 Tukima's Dance           Hex            #.......     36%         3    ##.....


Dungeon Overview and Level Annotations

Branches:
Dungeon (6/15)             Temple (1/1) D:5

Altars:
Cheibriados
Dithmenos
Gozag
Hepliaklqana
Kikubaaqudgha
Makhleb
Nemelex Xobeh
Okawaru
Ru
Sif Muna
Trog
Uskayaw
Vehumet
Wu Jian
Zin
The Shining One

Shops:
D:4 ?

Annotations:
D:6 Pikel


Innate Abilities, Weirdness & Mutations

You are resistant to torment.
Your stone body is resilient. (AC +5)
You are immune to poison.
You resist negative energy. (rN+)
You are resistant to electric shocks. (rElec)
You can survive without breathing.
You are immune to petrification.
You are immune to rotting.


Message History

The hound barely misses you. Pikel closely misses you.
The slave completely misses you. The orc priest misses you.
You whack the orc warrior! You freeze the orc warrior.
The orc warrior is heavily wounded.
The orc warrior closely misses you. The hound closely misses you.
You hit the orc warrior. You freeze the orc warrior.
The orc warrior is severely wounded.
Pikel hits you with a +0 whip of electrocution.
* * * LOW HITPOINT WARNING * * *
The hound barely misses you. The slave misses you.
The orc priest mumbles some strange prayers to Beogh against you.
Pain shoots through your body!
* * * LOW HITPOINT WARNING * * *
Unknown command.
Unknown command.
Unknown command.
You closely miss the orc warrior.
The orc warrior is severely wounded.
The orc warrior hits you with a cursed +0 long sword!
You die...

.....###.#....#
.. ##.#....##
... #.........
.... #..$##....
..Z.##.........
#pp..........
#...p.F......
#...pKo.....#
##.##@h.....#
#. #o......# ##
#........
#........
.........
.........
..###...# ...#
...#


You could see Pikel, an orc warrior, 4 slaves, a bullfrog, a hound, an orc
priest and a leopard gecko zombie (wandering).

Vanquished Creatures
  An ice beast (D:5)
  A necrophage (D:5)
  2 centaurs (D:5)
  The ghost of Syrinius the Vexing, an amateur SpAM (D:3)
  A howler monkey (D:4)
  2 crimson imps (D:5)
  A hound (D:4)
  2 centaur skeletons
  An orc priest (D:6)
  3 orc wizards
  2 iguanas
  3 worker ants
  A gnoll (D:2)
  9 adders
  A shadow imp (D:5)
  2 oozes
  An adder skeleton (D:5)
  3 dart slugs
  3 leopard geckos
  19 orcs
  2 giant cockroaches
  11 goblins
  9 hobgoblins
  7 jackals
  5 kobolds
  3 quokkas
  2 ball pythons
  7 bats
  6 frilled lizards
  A jackal skeleton (D:4)
  A leopard gecko skeleton (D:4)
  8 rats
121 creatures vanquished.

Notes
Turn   | Place    | Note
-------+----------+-------------------------------------------
     0 | D:1      | Mazzaar the Gargoyle Earth Elementalist began the quest for
                  | the Orb.
     0 | D:1      | Reached XP level 1. HP: 10/10 MP: 3/3
   207 | D:1      | Reached XP level 2. HP: 15/15 MP: 1/5
   330 | D:1      | Reached skill level 4 in Earth Magic
   838 | D:1      | Reached XP level 3. HP: 19/19 MP: 5/7
   843 | D:1      | Learned a level 3 spell: Stone Arrow
  1504 | D:2      | Found an ancient bone altar of Kikubaaqudgha.
  1562 | D:2      | Found a burning altar of Makhleb.
  1683 | D:2      | Reached skill level 1 in Conjurations
  1683 | D:2      | Reached XP level 4. HP: 24/24 MP: 4/8
  2216 | D:2      | Reached skill level 5 in Earth Magic
  2520 | D:3      | Reached XP level 5. HP: 18/28 MP: 5/9
  3236 | D:3      | Found a transporter.
  3237 | D:3      | Noticed Syrinius's ghost (amateur SpAM)
  3418 | D:3      | Learned a level 5 spell: Lee's Rapid Deconstruction
  3512 | D:3      | Found a transporter.
  3675 | D:3      | Reached XP level 6. HP: 22/32 MP: 11/11
  4056 | D:3      | Killed Syrinius's ghost
  4197 | D:4      | Reached skill level 6 in Earth Magic
  4217 | D:4      | Found a bloodstained altar of Trog.
  4417 | D:4      | Found Luipp's Magic Scroll Emporium.
  4441 | D:4      | Bought a scroll of blinking for 90 gold pieces
  4446 | D:4      | Reached XP level 7. HP: 28/36 MP: 13/13
  4729 | D:5      | Entered Level 5 of the Dungeon
  4815 | D:5      | Found a staircase to the Ecumenical Temple.
  4853 | Temple   | Entered the Ecumenical Temple
  5007 | Temple   | Became a worshipper of Vehumet
  5170 | D:5      | Got a faintly glowing whip
  5171 | D:5      | Identified the +10 whip of Tenacity {freeze, +Fly Str+4}
                  | (You found it on level 5 of the Dungeon)
  5552 | D:5      | Reached skill level 7 in Earth Magic
  5609 | D:5      | Found an iron altar of Okawaru.
  5621 | D:5      | Found an opulent altar of Gozag.
  5709 | D:5      | Reached skill level 5 in Spellcasting
  5799 | D:5      | Reached skill level 5 in Conjurations
  5799 | D:5      | Reached XP level 8. HP: 35/41 MP: 15/15
  6194 | D:6      | Noticed Pikel
  6205 | D:6      | Slain by an orc warrior

Vault maps used:
D:1:      dpeg_arrival_connections, minmay_misc_feat_diagonals
D:2:      lemuel_coloured_pillars_altar, kiku_gazebo_garden_becter,
          first_ration, minmay_pentomino_pile
D:3:      gammafunk_ghost_arena
D:4:      bloody_trog, serial_shops, nicolae_shop_competitors_out_of_business
D:5:      marbit_many_paths, nicolae_gozag_seed_capital,
          minmay_temple_entry_stoned_glass
D:6:      serial_shops, kennysheep_mini_moat, uniq_pikel,
          uniq_crazy_yiuf_cottage
Temple:   minmay_temple_curvy_loop

Skill      XL: |  1  2  3  4  5  6  7 |
---------------+----------------------+-----
Earth Magic    | 4 5 6 7 |  7.5
Conjurations   | 1 2 3 5 |  5.4
Spellcasting   | 3 4 5 |  5.3
Fighting       | |  0.2
Maces & Flails | |  0.1
Armour         | |  0.2
Dodging        | |  1.6
Stealth        | |  2.1
Transmutations | |  0.7
Evocations     | |  0.2

Action                   |  1- 3 |  4- 6 |  7- 9 || total
-------------------------+-------+-------+-------++-------
Melee: Club              |    84 |    59 |       ||   143
       Mace              |       |    65 |    19 ||    84
       Dagger            |       |    16 |       ||    16
       Whip              |       |       |    61 ||    61
 Cast: Sandblast         |    20 |    46 |     2 ||    68
       Lee's Rapid Decon |       |     1 |     3 ||     4
  Use: Scroll            |     1 |    14 |     2 ||    17
       Potion            |       |       |     3 ||     3
 Stab: Sleeping          |     7 |     4 |     2 ||    13
  Eat: Chunk             |     4 |    17 |     6 ||    27
Armor: Robe              |    28 |    79 |    37 ||   144
Dodge: Dodged            |    76 |   116 |    75 ||   267

Table legend:
 A = Non-vault XP
 B = Vault XP
 C = Vault XP percentage of total XP
 D = Non-vault monster count
 E = Vault monster count
 F = Vault count percentage of total count
                 A         B        C        D         E       F
            +---------+---------+-------+---------+---------+-------
      Total |    1380 |     137 |   9.0 |     109 |      12 |   9.9
            +---------+---------+-------+---------+---------+-------
        D:1 |      54 |       0 |   0.0 |      27 |       0 |   0.0
        D:2 |      67 |      36 |  35.0 |      16 |       6 |  27.3
        D:3 |     177 |      98 |  35.6 |      28 |       5 |  15.2
        D:4 |     224 |       0 |   0.0 |      13 |       0 |   0.0
        D:5 |     780 |       3 |   0.4 |      23 |       1 |   4.2
        D:6 |      78 |       0 |   0.0 |       2 |       0 |   0.0
            +---------+---------+-------+---------+---------+-------
